 Dungeon Crawl Stone Soup version 0.32-a0-30-gefbe487952 (webtiles) character file.

Game seed: 14048522957493622024

427 PriceMaster the Firebug (level 6, -8/57 HPs)
             Began as an Octopode Fire Elementalist on Jan 20, 2024.
             Was an Initiate of Gozag.
             Killed by an exploding killer bee (20 damage)
             ... ignited by their inner flame
             ... on level 5 of the Dungeon.
             The game lasted 00:05:54 (4473 turns).

PriceMaster the Firebug (OpFE)                      Turns: 4473, Time: 00:05:56

Health: -8/57      AC:  1    Str:  7    XL:     6   Next: 97%
Magic:  4/11       EV: 13    Int: 18    God:    Gozag
Gold:   687        SH:  0    Dex: 14    Spells: 6/12 levels left

rFire   . . .        c - +0 spear
rCold   . . .        (no shield)
rNeg    . . .        (helmet restricted)
rPois   .            (no amulet)
rElec   .            (no ring)
rCorr   .            (no ring)
SInv    .            (no ring)
Will    .....        (no ring) Stlth
                     (no ring)
HPRegen 0.29/turn    (no ring)
MPRegen 0.12/turn    (no ring)
                     (no ring)

%: no passive effects
@: mighty, berserking, lethally poisoned (-8 -> -16), gold aura, very quick
A: almost no armour, amphibious, 8 rings, camouflage 1, gelatinous body 1,
(nimble swimmer 1), tentacles
a: Renounce Religion, Potion Petition, Call Merchant, Bribe Branch


You were on level 5 of the Dungeon.
You worshipped Gozag.
Gozag was pleased with you.
You visited 1 branch of the dungeon, and saw 5 of its levels.

You collected 687 gold pieces.

Inventory:

Hand Weapons
 c - a +0 spear (weapon)
Armour
 n - a +1 barding
Scrolls
 b - 4 scrolls of identify {unknown}
 d - a scroll of immolation {unknown}
 e - a scroll of amnesia {unknown}
 f - 2 scrolls of teleportation {unknown}
 g - a scroll of fog {unknown}
 j - 2 scrolls of vulnerability {unknown}
 m - 2 scrolls of revelation {unknown}
 p - a scroll of enchant weapon {unknown}
Potions
 a - a potion of magic
 h - a potion of mutation {unknown}
 k - a potion of might
 l - a potion of cancellation {unknown}
 o - a potion of curing {unknown}
 q - a potion of attraction {unknown}


   Skills:
 + Level 1.0 Fighting
 + Level 1.7 Polearms
 + Level 2.4 Dodging
 + Level 4.2 Stealth
 + Level 3.7 Spellcasting
 + Level 2.5 Conjurations
 + Level 4.8 Fire Magic


You had 6 spell levels left.
You knew the following spells:

 Your Spells              Type           Power      Damage    Failure   Level
a - Foxfire               Conj/Fire      64%        2x1d7     3%          1
b - Scorch                Fire           40%        2d6       3%          2
c - Inner Flame           Hex/Fire       12%        N/A       17%         3

Your spell library contained the following spells:

 Spells                   Type           Power      Damage    Failure   Level
 Magic Dart               Conj           48%        1d5       5%          1
 Volatile Blastmotes      Fire/Tloc      24%        2d12      17%         3
 Blink                    Tloc           6%         N/A       22%         2
 Call Imp                 Summ           6%         N/A       22%         2
 Ensorcelled Hibernation  Hex/Ice        6%         N/A       22%         2
 Sublimation of Blood     Necr           3%         N/A       22%         2
 Flame Wave               Conj/Fire      16%        2d7       32%         4
 Fugue of the Fallen      Necr           3%         N/A       41%         3
 Anguish                  Hex/Necr       1%         N/A       83%         4
 Summon Hydra             Summ           1%         N/A       100%        7


Dungeon Overview and Level Annotations

Branches:
Dungeon (5/15)
 Temple: D:4-7

Altars:
Gozag


Innate Abilities, Weirdness & Mutations

You cannot wear most types of armour.
You are amphibious.
You can wear up to eight rings at the same time.
Your skin changes colour to match your surroundings (Stealth+).
Your rubbery body absorbs attacks. (AC +1, EV +1)
((You are camouflaged when in or above water. (Stealth+)))
You have tentacles for arms and can constrict up to eight enemies at once.


Message History

Your foxfire dissipates!
You feel sick. The killer bee stings you.
You are more poisoned.
The killer bee poisons you!
Casting: Scorch (safe; 3% risk of failure)
Press: ? - help, Q - select action, (/) - cycle Dir - look around, f - activate Flames lash the killer bee.
The killer bee is lightly wounded.
The killer bee's fire resistance burns away.
You feel very sick. The killer bee misses you.
The killer bee barely misses you.
It was a potion of might.
You feel very mighty all of a sudden.
You feel very sick.
The killer bee is no longer more vulnerable to fire.
The killer bee barely misses you. The killer bee misses you.
Okay, then.
It was a potion of berserk rage.
A red film seems to cover your vision as you go berserk!
You feel yourself moving faster!
You feel mighty!
You feel sick. The killer bee misses you. The killer bee completely misses you.
You hit the killer bee.
Flame seeps out of the killer bee.
Your grab misses the killer bee.
The killer bee is moderately wounded.
You feel sick.
The killer bee is no longer more vulnerable to fire.
The killer bee is engulfed in blazing flames.
Flame seeps out of the killer bee.
The killer bee stings you!
* * * LOW HITPOINT WARNING * * *
You are more poisoned.
The killer bee poisons you!
Unknown command.
You miss the killer bee. Your grab misses the killer bee.
The killer bee is severely wounded.
You feel sick.
The killer bee is engulfed in blazing flames.
The killer bee explodes!
The fiery explosion engulfs you!!
You die...
Your body crumbles into a pile of gold.

.#.########.#.#
.#.#<.....#.#.#
.#........#.#.#
.##########.#.#
............#.#
#############.#
#.#
#.##########.
#...@○yyyy...
#############


You could see 4 killer bees.

Vanquished Creatures
  A phantom (D:4)
  2 scorpions (D:4)
  A killer bee (D:5)
  3 hounds (D:4)
  2 adders
  A gnoll (D:1)
  6 ribbon worms
  3 dart slugs
  10 orcs
  4 ball pythons
  7 endoplasms
  3 giant cockroaches
  8 goblins
  7 hobgoblins
  6 jackals
  8 kobolds
  4 quokkas
  6 bats
  A frilled lizard (D:1)
  3 rats
  A spectral kobold (D:1)
87 creatures vanquished.

Vanquished Creatures (others)
  135 foxfires
135 creatures vanquished.

Grand Total: 222 creatures vanquished

Notes
Turn   | Place    | Note
-------+----------+-------------------------------------------
     0 | D:1      | PriceMaster the Octopode Fire Elementalist began the quest
                  | for the Orb.
     0 | D:1      | Reached XP level 1. HP: 11/11 MP: 3/3
   148 | D:1      | Reached XP level 2. HP: 15/17 MP: 1/5
   430 | D:1      | Found a faded altar of an unknown god.
   456 | D:1      | Prayed at the altar of an unknown god.
   456 | D:1      | Became a worshipper of Gozag Ym Sagoz the Greedy
   470 | D:1      | Reached XP level 3. HP: 16/21 MP: 6/6
   972 | D:2      | Learned a level 2 spell: Scorch
  1254 | D:2      | Reached XP level 4. HP: 13/27 MP: 2/7
  2675 | D:3      | Reached skill level 1 in Polearms
  3171 | D:4      | Reached XP level 5. HP: 32/32 MP: 5/9
  3840 | D:4      | Identified the +10 war axe of Poesa {flame, Will+ Dex+3}
  3961 | D:4      | Noticed a phantom
  3967 | D:4      | Killed a phantom
  3968 | D:4      | Reached XP level 6. HP: 37/37 MP: 1/10
  4065 | D:4      | Reached skill level 1 in Fighting
  4069 | D:4      | Learned a level 3 spell: Inner Flame
  4405 | D:5      | Entered Level 5 of the Dungeon
  4473 | D:5      | Killed by an exploding killer bee... ignited by their inner
                  | flame

Illustrated notes

Levels and vault maps discovered:
D:1:      dpeg_arrival_three_same_balls, layout_rooms,
          dreamdust_ecumenical_altar_drowned_temple
D:2:      layout_loops_ring, chequers_serial_rivers_micro_e
D:3:      layout_basic
D:4:      layout_cave_pods, chequers_serial_rivers_micro_e, columned_hall_lemuel
D:5:      layout_basic, portal_sewer_entry_e, serial_shops, shop,
          gammafunk_ghost_mausoleum

Skill      XL: |  1  2  3  4  5  6 |
---------------+-------------------+-----
Stealth        | 3 4 |  4.2
Fire Magic     | 4 |  4.8
Polearms       | 1 |  1.7
Spellcasting   | 3 |  3.7
Conjurations   | 2 |  2.5
Fighting       | 1 |  1.0
Dodging        | |  2.4

Action                     |  1- 3 |  4- 6 || total
---------------------------+-------+-------++-------
  Melee: Tentacles         |    15 |    10 ||    25
         Constrict         |    11 |    14 ||    25
         Unarmed           |     1 |       ||     1
         Spear             |    62 |    69 ||   131
         Punch             |       |     2 ||     2
   Cast: Foxfire           |    30 |    60 ||    90
         Scorch            |     4 |    27 ||    31
         Inner Flame       |       |     2 ||     2
    Use: Potion            |       |     2 ||     2
   Stab: Sleeping          |     5 |     6 ||    11
         Distracted        |     1 |     1 ||     2
 Armour: Skin              |    25 |    27 ||    52
  Dodge: Dodged            |    27 |    46 ||    73

Table legend: (Time is in decaauts)
 A = Elapsed time spent in this place.
 B = Non-inter-level travel time spent in this place.
 C = Inter-level travel time spent in this place.
 D = Time resting spent in this place.
 E = Time spent auto-exploring this place.
 F = Levels seen in this place.
 G = Mean time per level.
                   A        B        C        D        E       F      G
               +--------+--------+--------+--------+--------+-----+--------+
         Total |   4480 |   4354 |    126 |      0 |   3802 |   5 |  896.0 |
       Dungeon |   4480 |   4354 |    126 |      0 |   3802 |   5 |  896.0 |
               +--------+--------+--------+--------+--------+-----+--------+

Top non-repeatable levels by time:
     D:3: 1313 daAuts
     D:4: 1238 daAuts
     D:2: 1057 daAuts
     D:1: 804 daAuts
     D:5: 67 daAuts
